 Dungeon Crawl Stone Soup version 0.18.1-50-g88ac8fd (webtiles) character file.

319 Osys the Chopper (level 6, -6/56 HPs)
             Began as a Minotaur Berserker on Sept 30, 2016.
             Was a Priest of Trog.
             Killed from afar by Dowan (10 damage)
             ... with a shard of ice
             ... on level 4 of the Dungeon.
             The game lasted 00:38:50 (3110 turns).

Osys the Chopper (Minotaur Berserker)               Turns: 3110, Time: 00:38:53

Health: -6/56      AC:  5    Str: 29    XL:     6   Next: 21%
Magic:  5/5        EV: 11    Int:  4    God:    Trog [***...]
Gold:   100        SH:  0    Dex:  9    Spells: 0 memorised, 5 levels left

rFire  . . .     SeeInvis .     q - +0 war axe
rCold  . . .     Gourm    .     d - +0 ring mail
rNeg   . . .     Faith    .     (no shield)
rPois  .         Spirit   .     (helmet restricted)
rElec  .         Dismiss  .     (no cloak)
rCorr  .         Reflect  .     (no gloves)
SustAt .         Harm     .     (no boots)
MR     .....                    (no amulet)
Stlth  ..........               (no ring)
                                (no ring)

@: mighty, exhausted, slowed, very slow, not resistant to hostile enchantments,
extremely unstealthy
A: retaliatory headbutt, horns 2
a: Berserk, Trog's Hand, Burn Spellbooks, Renounce Religion


You were on level 4 of the Dungeon.
You worshipped Trog.
Trog was most pleased with you.
You were very hungry.

You visited 1 branch of the dungeon, and saw 4 of its levels.

You collected 100 gold pieces.

Inventory:

Hand Weapons
 a - a +0 blowgun
 q - a +0 war axe (weapon)
Missiles
 b - 26 poisoned needles
 m - 174 stones (quivered)
Armour
 d - a +0 ring mail (worn)
Jewellery
 g - an uncursed ring of protection from fire {unknown}
 i - a cursed ring of teleportation {unknown}
 j - an uncursed ring of positive energy {unknown}
Potions
 e - a potion of haste {unknown}
 f - a potion of might
 h - a potion of cancellation {unknown}
 k - 4 potions of curing
 n - a potion of invisibility {unknown}
Comestibles
 c - 4 bread rations
 l - a slice of pizza
 o - 2 meat rations
 p - 2 chunks of flesh


   Skills:
 + Level 5.0 Fighting
 * Level 6.7 Axes
 + Level 4.2 Armour
 - Level 2.1 Dodging


You had 5 spell levels left.
You didn't know any spells.

Dungeon Overview and Level Annotations

Branches:
Dungeon (4/15)
 Temple: D:4-7

Altars:
Ashenzari
Dithmenos
Zin

Annotations:
D:4 Dowan


Innate Abilities, Weirdness & Mutations

You reflexively headbutt those who attack you in melee.
You have a pair of horns on your head.


Message History

Trog accepts your kill.
Dowan casts a spell.
Dowan blinks!
Drink which item? (? for menu, Esc to quit)
It was a potion of might.
You feel very mighty all of a sudden.
Dowan points at you and mumbles some strange words.
The shard of ice hits you!
* * * LOW HITPOINT WARNING * * *
Dowan hits you but does no damage.
Things that are here:
a dagger; a leather armour; a dagger You slice Dowan!!
Dowan is almost dead.
Dowan hits you with a dagger.
* * * LOW HITPOINT WARNING * * *
Dowan barely misses you. Dowan gestures at you while chanting.
The shard of ice hits you!
You die...

#############
#.e@........#
#(#########.#
#(# #.# #)#
#.########
#o#
#.........
...
###.######
..# #.# ####
#.# #.# ###


You could see Dowan.

Vanquished Creatures
  Duvessa (D:4)
  An orc wizard (D:3)
  A centaur skeleton (D:4)
  A worker ant (D:4)
  3 gnolls (D:3)
  2 adders
  2 worms (D:2)
  2 dart slugs (D:1)
  A giant gecko (D:3)
  6 orcs
  4 giant cockroaches
  13 goblins
  11 hobgoblins
  A quokka (D:2)
  2 ball pythons
  8 bats
  3 giant newts (D:1)
  9 kobolds
  10 rats
81 creatures vanquished.

Notes
Turn   | Place    | Note
--------------------------------------------------------------
     0 | D:1      | Osys the Minotaur Berserker began the quest for the Orb.
     0 | D:1      | Reached XP level 1. HP: 19/19 MP: 0/0
    46 | D:1      | Reached skill level 4 in Axes
   262 | D:1      | Reached XP level 2. HP: 27/27 MP: 1/1
   661 | D:1      | Reached ** piety under Trog
   740 | D:1      | Reached XP level 3. HP: 16/33 MP: 2/2
  1421 | D:2      | Found a shattered altar of Ashenzari.
  1467 | D:2      | Reached skill level 5 in Axes
  1798 | D:2      | Reached XP level 4. HP: 40/40 MP: 3/3
  2338 | D:3      | Reached *** piety under Trog
  2358 | D:3      | Found a shadowy altar of Dithmenos.
  2694 | D:3      | Reached XP level 5. HP: 47/47 MP: 4/4
  2869 | D:3      | Found a glowing silver altar of Zin.
  2997 | D:4      | Reached skill level 6 in Axes
  3079 | D:4      | Noticed Dowan
  3081 | D:4      | Noticed Duvessa
  3094 | D:4      | Killed Duvessa
  3094 | D:4      | Reached skill level 5 in Fighting
  3094 | D:4      | Reached XP level 6. HP: 23/56 MP: 5/5
  3110 | D:4      | Killed from afar by Dowan

Skill      XL: |  1  2  3  4  5 |
---------------+----------------+-----
Axes           | 4 5 6 |  6.7
Fighting       | 4 5 |  5.0
Armour         | 3 4 |  4.2
Dodging        | |  2.1

Action                   |  1- 3 |  4- 6 || total
-------------------------+-------+-------++-------
Melee: Hand axe          |    96 |    29 ||   125
       Headbutt          |    11 |    10 ||    21
       War axe           |       |    37 ||    37
 Fire: Blowgun           |       |     1 ||     1
Throw: Stone             |       |    10 ||    10
Invok: Berserk           |     4 |     4 ||     8
       Trog's Hand       |       |     1 ||     1
  Use: Scroll            |     1 |     6 ||     7
       Potion            |       |     2 ||     2
  Eat: Chunk             |     6 |     8 ||    14
Armor: Leather armour    |    16 |     2 ||    18
       Ring mail         |       |     9 ||     9
Dodge: Dodged            |    30 |    37 ||    67
